 Dungeon Crawl Stone Soup version 0.31.0-11-ge490571c62 (webtiles) character file.

Game seed: 7239616601876907519

98 qw the Shooter (level 4, -2/22 HPs)
             Began as a Spriggan Hunter on Feb 3, 2024.
             Slain by a hobgoblin (6 damage)
             ... led by Robin
             ... on level 2 of the Dungeon.
             The game lasted 00:00:05 (1721 turns).

qw the Shooter (Spriggan Hunter)                    Turns: 1721, Time: 00:00:05

Health: -2/22      AC:  2    Str:  7    XL:     4   Next: 43%
Magic:  5/5        EV: 20    Int: 10    God:
Gold:   74         SH:  0    Dex: 20    Spells: 3/3 levels left

rFire   . . .        a - +0 shortbow
rCold   . . .        (shield currently unavailable)
rNeg    . . .        c - +0 robe
rPois   .            (helmet restricted)
rElec   .            (no cloak)
rCorr   .            (gloves unavailable)
SInv    +            (boots unavailable)
Will    .....        (no amulet)
Stlth   ++           (no ring)
HPRegen 0.23/turn    (no ring)
MPRegen 0.09/turn

%: no passive effects
@: very quick
A: very small, no large weapons, unfitting armour, see invisible, speed 3
a: no special abilities


You were on level 2 of the Dungeon.
You visited 1 branch of the dungeon, and saw 2 of its levels.

You collected 74 gold pieces.


Innate Abilities, Weirdness & Mutations

You are very small and have problems with some larger weapons.
You are too small for most types of armour.
You have supernaturally acute eyesight. (SInv)
You cover ground extremely quickly. (Speed+++)


   Skills:
 - Level 1.5 Fighting
 - Level 5.1 Ranged Weapons
 + Level 4.7 Dodging
 - Level 1.5 Stealth


You had 3 spell levels left.
You didn't know any spells.
Your spell library was empty.

Inventory:

Hand Weapons
 a - a +0 shortbow (weapon)
Armour
 c - a +0 robe (worn)
 i - a +0 robe of willpower
Scrolls
 b - a scroll of immolation {unknown}
 e - a scroll of poison {unknown}
 g - a scroll of identify
 h - a scroll of amnesia {unknown}
 j - a scroll of teleportation {unknown}
Potions
 d - a potion of haste
 f - a potion of degeneration {unknown}
 k - a potion of ambrosia {unknown}

Dungeon Overview and Level Annotations

Branches:
Dungeon (2/15)

Altars:
Elyvilon

Shops:
D:1 (

Annotations:
D:2 Robin


Message History

You shoot an arrow. The arrow barely misses the jackal.
The jackal completely misses you. The goblin completely misses you.
The hobgoblin barely misses you. The jackal misses you. x2
You shoot an arrow. The arrow barely misses the jackal.
The jackal closely misses you. The goblin misses you.
A hobgoblin comes into view.
The hobgoblin closely misses you. The jackal completely misses you.
The jackal bites you.
You shoot an arrow. The arrow hits the jackal.
You kill the jackal!
Robin says, "Kneel, worm!"
The goblin hits you but does no damage. The hobgoblin misses you.
The jackal bites you but does no damage.
A goblin comes into view. It is wielding a +0 dagger.
The hobgoblin hits you. The goblin hits you with a +0 dagger.
The goblin closely misses you.
You shoot an arrow. The arrow closely misses the goblin.
The goblin shouts!
The jackal bites you. The jackal misses you. The goblin completely misses you.
The goblin misses you. The hobgoblin barely misses you.
Robin throws the goblin at you!
You shoot an arrow. The arrow hits the goblin.
You kill the goblin!
The jackal misses you. The goblin hits you with a +0 club.
A goblin comes into view. It is wielding a +0 club.
The hobgoblin completely misses you. The jackal misses you.
You shoot an arrow. The arrow closely misses Robin.
The goblin shouts!
The jackal misses you. Robin misses you. The goblin hits you with a +0 club.
The hobgoblin completely misses you.
You shoot an arrow.
The arrow hits Robin but does no damage.
The jackal barely misses you. Robin hits you with a +0 club.
The goblin closely misses you. The hobgoblin closely misses you.
The jackal barely misses you.
You shoot an arrow.
The arrow hits Robin but does no damage.
The jackal closely misses you. Robin completely misses you.
The goblin hits you with a +0 club. The hobgoblin hits you.
You die...

##########.#
####.#gg).......#
...gggh@...####.#
######g###.# ...#...#
#################.######.
.........................
#################.#######
...# #... ##'## #####
#...#############...#


You could see Robin, a jackal, 2 hobgoblins and 3 goblins.

Vanquished Creatures
  Jessica (D:2)
  A gnoll (D:1)
  An adder (D:2)
  A dart slug (D:1)
  2 ribbon worms (D:2)
  5 ball pythons
  4 endoplasms
  A giant cockroach (D:1)
  2 hobgoblins
  6 jackals (D:2)
  A quokka (D:1)
  A bat (D:2)
  A frilled lizard (D:1)
  7 goblins
  4 kobolds
  6 rats
44 creatures vanquished.

Notes
Turn   | Place    | Note
-------+----------+-------------------------------------------
     0 | D:1      | qw the Spriggan Hunter began the quest for the Orb.
     0 | D:1      | Reached XP level 1. HP: 10/10 MP: 2/2
     0 | D:1      | 0 ||| qw: Version: 0.3-a-158-g18b3111
     0 | D:1      | 0 ||| qw: Game counter: 4054
     0 | D:1      | 0 ||| qw: Melee chars always use a shield: true
     0 | D:1      | 0 ||| qw: God list: Okawaru
     0 | D:1      | 0 ||| qw: Allow faded altars: false
     0 | D:1      | 0 ||| qw: Do Orc after clearing Dungeon:15 true
     0 | D:1      | 0 ||| qw: Do second Lair branch before Depths: true
     0 | D:1      | 0 ||| qw: Lair rune preference: random
     0 | D:1      | 0 ||| qw: Goals: Normal
     0 | D:1      | 0 ||| PLANNING D:1-11
    75 | D:1      | Reached skill level 3 in Dodging
   129 | D:1      | Reached XP level 2. HP: 14/14 MP: 3/3
   435 | D:1      | Reached XP level 3. HP: 13/18 MP: 4/4
   804 | D:1      | Found Kopobum's Weapon Boutique.
   840 | D:1      | 840 ||| READING scroll labelled CUCELU QIGHUE.
   840 | D:1      | 840 ||| IDENTIFYING lumpy ruby potion
   841 | D:1      | 841 ||| READING scroll labelled LUSILY VORY.
   841 | D:1      | 841 ||| ENCHANTING +0 shortbow.
   842 | D:1      | 842 ||| READING scroll labelled BEANUN AXKA.
   943 | D:1      | 943 ||| DROPPING scroll of butterflies.
  1250 | D:2      | Found a white marble altar of Elyvilon.
  1435 | D:2      | Noticed Jessica
  1437 | D:2      | Killed Jessica
  1438 | D:2      | Reached skill level 5 in Ranged Weapons
  1438 | D:2      | Reached XP level 4. HP: 22/22 MP: 5/5
  1711 | D:2      | Noticed Robin
  1721 | D:2      | HP: 4/22 [goblin/+0 club[Robin] (3)]
  1721 | D:2      | Slain by a hobgoblin

Levels and vault maps discovered:
D:1:      dpeg_arrival_snail, layout_basic, serial_shops,
          nicolae_shop_window_shopping
D:2:      layout_basic, basic_altar, uniq_jessica, uniq_robin

Skill      XL: |  1  2  3 |
---------------+----------+-----
Dodging        | 3 4 |  4.7
Ranged Weapons | 5 |  5.1
Fighting       | |  1.5
Stealth        | |  1.5

Action                     |  1- 3 |  4- 6 || total
---------------------------+-------+-------++-------
   Fire: Shortbow          |    98 |    28 ||   126
    Use: Scroll            |     3 |       ||     3
 Armour: Robe              |    14 |    13 ||    27
  Dodge: Dodged            |    18 |    43 ||    61

Table legend:
 A = Non-vault XP
 B = Vault XP
 C = Vault XP percentage of total XP
 D = Non-vault monster count
 E = Vault monster count
 F = Vault count percentage of total count
                 A         B        C        D         E       F
            +---------+---------+-------+---------+---------+-------
      Total |     101 |      39 |  27.9 |      42 |       2 |   4.5
            +---------+---------+-------+---------+---------+-------
        D:1 |      50 |       0 |   0.0 |      22 |       0 |   0.0
        D:2 |      51 |      39 |  43.3 |      20 |       2 |   9.1
            +---------+---------+-------+---------+---------+-------
